 Dungeon Sprint DCSS version 0.23.2-1-ga50397a (webtiles) character file.

Game seed: 13962972852649325350

4233 nuthulu the Basher (level 10, -4/111 HPs)
             Began as a Troll Monk on Apr 23, 2019.
             Was an Elder of Makhleb.
             Slain by a balrug
             ... wielding a +1 demon whip of flaming
             ... summoned by the player character
              (7 damage)
             ... in the Dungeon (Sprint IX: "|||||||||||||||||||||||||||||").
             The game lasted 00:03:58 (1237 turns).

nuthulu the Basher (Troll Monk)                     Turns: 1237, Time: 00:04:00

Health: -4/111     AC:  9    Str: 24    XL:     10   Next: 9%
Magic:  14/14      EV: 19    Int:  6    God:    Makhleb [****..]
Gold:   0          SH:  0    Dex: 15    Spells: 9/9 levels left

rFire    . . .     SeeInvis .   j - +0 giant club
rCold    . . .     Gourm    +   (shield currently unavailable)
rNeg     . . .     Faith    .   b - +0 robe
rPois    .         Spirit   .   (helmet restricted)
rElec    .         Reflect  .   o - +2 cloak
rCorr    .         Harm     .   (gloves unavailable)
MR       .....     NoTele   +   (boots unavailable)
Stlth    ++........             (no amulet)
HPRegen  0.68/turn              p - +3 ring of strength
MPRegen  0.14/turn              q - +2 ring of evasion

@: no status effects
A: large, unfitting armour, claws 3, fast metabolism 3, gourmand, regeneration
1, shaggy fur 1, tough skin 3
a: Minor Destruction, Lesser Servant of Makhleb, Major Destruction, Renounce
Religion


You were in the Dungeon.
You worshipped Makhleb.
Makhleb was greatly pleased with you.
You were very full.

You visited 1 branch

Inventory:

Hand Weapons
 a - a +0 mace
 j - a +0 giant club (weapon)
Armour
 b - a +0 robe (worn)
 o - a +2 cloak (worn)
Jewellery
 p - a +3 ring of strength (left claw)
 q - a +2 ring of evasion (right claw)
Wands
 n - a wand of iceblast (10)
Scrolls
 i - 5 scrolls of blinking
 l - 3 scrolls of remove curse
 m - 2 scrolls of amnesia
 t - 2 scrolls of fear
 v - a scroll of identify
Potions
 e - 4 potions of heal wounds
 f - a potion of haste
 g - 4 potions of magic
 k - 5 potions of curing
 r - a potion of agility
Comestibles
 c - 2 rations
 d - 6 chunks of flesh


   Skills:
 + Level 10.6 Fighting
 * Level 13.2 Maces & Flails
 + Level 10.6 Dodging
 - Level 1.0 Stealth
 + Level 7.2 Invocations


You had 9 spell levels left.
You didn't know any spells.
Your spell library was empty.

Dungeon Overview and Level Annotations

Branches:
Dungeon (1/1)

Altars:
Cheibriados
Dithmenos
Elyvilon
Fedhas
Gozag
Hepliaklqana
Kikubaaqudgha
Makhleb
Nemelex Xobeh
Okawaru
Qazlal
Ru
Sif Muna
Trog
Uskayaw
Vehumet
Wu Jian
Xom
Yredelemnul
Zin
The Shining One
Beogh
Jiyva
Lugonu


Innate Abilities, Weirdness & Mutations

You are too large for most types of armour.
You have claws for hands.
Your metabolism is lightning-fast.
You like to eat raw meat.
Your natural rate of healing is unusually fast.
You are covered in fur. (AC +1)
You have extremely tough skin. (AC +3)


Message History

You see here a spiny frog corpse.
There's a creature in the doorway!
You closely miss the balrug.
The balrug hits you with a +1 demon whip of flaming.
You are engulfed in flames!
The balrug burns you.
Unknown command.
A demon appears!
It doesn't seem very happy.
The balrug completely misses you.
Unknown command.
Unknown command.
A demon appears!
It doesn't seem very happy.
You can no longer summon a greater servant of Makhleb.
The balrug hits you with a +1 demon whip of flaming!
* * * LOW HITPOINT WARNING * * *
You are engulfed in flames!!
* * * LOW HITPOINT WARNING * * *
The balrug burns you!
You die...

▓▓▓▓▓▓▓▓▓▓▓▓▓▓▓▓▓▓▓▓▓▓▓▓
______'.....÷.....)...<▓
▓▓▓▓▓▓▓▓▓▓▓▓▓▓▓▓▓▓▓▓▓▓▓▓
....................†..▓
▓▓▓▓▓▓▓▓▓▓▓▓▓▓▓▓▓▓▓▓▓▓.▓
.÷......)w....22@2.÷...▓
▓▓▓▓▓▓▓▓▓▓▓▓▓▓▓▓▓▓▓▓▓▓▓▓


You could see 2 balrugs, a green death and a tyrant leech.

Vanquished Creatures
  2 hydras (D)
  A torpor snail (D)
  2 spiny frogs (D)
  A troll (D)
  A blink frog (D)
  2 yaks (D)
  A basilisk (D)
  2 water moccasins (D)
  3 porcupines (D)
  An ogre (D)
  A wolf (D)
  A crocodile (D)
  5 bullfrogs (D)
  A crimson imp (D)
  A jelly (D)
  2 worker ants (D)
  A shadow imp (D)
  2 adder skeletons (D)
  An adder zombie (D)
  2 leopard geckos (D)
  A ball python (D)
  A bat skeleton (D)
  A bat zombie (D)
  2 hobgoblins (D)
  A kobold (D)
  A rat (D)
40 creatures vanquished.

Notes
Turn   | Place    | Note
-------+----------+-------------------------------------------
     0 | D        | nuthulu the Troll Monk began the quest for the Orb.
     0 | D        | Reached XP level 1. HP: 22/22 MP: 0/0
    12 | D        | Reached skill level 3 in Maces & Flails
   124 | D        | Noticed a worker ant
   124 | D        | Noticed a worker ant
   130 | D        | Killed a worker ant
   130 | D        | Reached skill level 4 in Maces & Flails
   130 | D        | Reached XP level 2. HP: 32/32 MP: 1/1
   130 | D        | Reached XP level 3. HP: 39/39 MP: 2/2
   280 | D        | Found a roughly hewn altar of Beogh.
   280 | D        | Found a snail-covered altar of Cheibriados.
   280 | D        | Found a shadowy altar of Dithmenos.
   280 | D        | Found a white marble altar of Elyvilon.
   280 | D        | Found a blossoming altar of Fedhas.
   280 | D        | Found an opulent altar of Gozag.
   281 | D        | Found a hazy altar of Hepliaklqana.
   282 | D        | Found a viscous altar of Jiyva.
   283 | D        | Found an ancient bone altar of Kikubaaqudgha.
   284 | D        | Found a corrupted altar of Lugonu.
   285 | D        | Found a burning altar of Makhleb.
   286 | D        | Found a sparkling altar of Nemelex Xobeh.
   287 | D        | Found an iron altar of Okawaru.
   288 | D        | Found a stormy altar of Qazlal.
   289 | D        | Found a sacrificial altar of Ru.
   290 | D        | Found a deep blue altar of Sif Muna.
   291 | D        | Found a bloodstained altar of Trog.
   292 | D        | Found a hide-covered altar of Uskayaw.
   293 | D        | Became a worshipper of Makhleb the Destroyer
   293 | D        | Reached * piety under Makhleb
   293 | D        | Reached ** piety under Makhleb
   294 | D        | Found a radiant altar of Vehumet.
   295 | D        | Found an ornate altar of the Wu Jian Council.
   296 | D        | Found a shimmering altar of Xom.
   297 | D        | Found a basalt altar of Yredelemnul.
   298 | D        | Found a glowing silver altar of Zin.
   299 | D        | Found a glowing golden altar of the Shining One.
   334 | D        | Reached XP level 4. HP: 49/49 MP: 3/3
   338 | D        | Reached skill level 5 in Maces & Flails
   349 | D        | Reached *** piety under Makhleb
   355 | D        | Reached skill level 5 in Fighting
   355 | D        | Reached skill level 5 in Dodging
   367 | D        | Noticed a bullfrog
   367 | D        | Noticed a troll
   367 | D        | Noticed a yak
   367 | D        | Noticed an ogre
   367 | D        | Noticed a bullfrog
   373 | D        | Killed a bullfrog
   373 | D        | Reached skill level 6 in Maces & Flails
   373 | D        | Reached XP level 5. HP: 59/59 MP: 4/4
   388 | D        | Killed an ogre
   388 | D        | Reached skill level 7 in Maces & Flails
   392 | D        | Reached **** piety under Makhleb
   392 | D        | Reached XP level 6. HP: 40/68 MP: 5/5
   410 | D        | Killed a yak
   410 | D        | Reached skill level 8 in Maces & Flails
   418 | D        | Killed a troll
   418 | D        | Reached XP level 7. HP: 61/80 MP: 6/6
   428 | D        | Reached skill level 9 in Maces & Flails
   569 | D        | Noticed a five-headed hydra
   572 | D        | Noticed a torpor snail
   599 | D        | Killed a five-headed hydra
   599 | D        | Reached ***** piety under Makhleb
   599 | D        | Reached skill level 10 in Maces & Flails
   599 | D        | Reached XP level 8. HP: 82/92 MP: 6/9
   632 | D        | Reached skill level 11 in Maces & Flails
   710 | D        | Killed a torpor snail
   710 | D        | Reached skill level 5 in Invocations
   710 | D        | Reached XP level 9. HP: 101/101 MP: 11/11
   759 | D        | Noticed a seven-headed hydra
   788 | D        | Killed a seven-headed hydra
   788 | D        | Reached skill level 10 in Fighting
   788 | D        | Reached skill level 12 in Maces & Flails
   788 | D        | Reached skill level 10 in Dodging
   934 | D        | Noticed a spiny frog
   934 | D        | Noticed a spiny frog
   983 | D        | Killed a spiny frog
  1040 | D        | Reached ****** piety under Makhleb
  1047 | D        | Killed a spiny frog
  1047 | D        | Reached skill level 13 in Maces & Flails
  1047 | D        | Reached XP level 10. HP: 96/111 MP: 14/14
  1192 | D        | Noticed a spiny frog
  1192 | D        | Noticed a spiny frog
  1229 | D        | Noticed a balrug
  1236 | D        | Noticed a green death
  1237 | D        | Noticed a balrug
  1237 | D        | HP: 3/111 [balrug/+1 demon whip of flaming[the player
                  | character] (27)]
  1237 | D        | Slain by a balrug

Skill      XL: |  1  2  3  4  5  6  7  8  9 10 |
---------------+-------------------------------+-----
Maces & Flails | 4 6 7 8 10 11 13 | 13.2
Fighting       | 3 4 5 6 8 9 10 | 10.6
Dodging        | 3 4 5 6 8 9 10 | 10.6
Invocations    | 3 5 6 7 |  7.2
Stealth        | |  1.0

Action                   |  1- 3 |  4- 6 |  7- 9 | 10-12 || total
-------------------------+-------+-------+-------+-------++-------
Melee: Mace              |    64 |    68 |    10 |       ||   142
       Giant club        |       |       |    53 |    11 ||    64
Invok: Major Destruction |       |       |     8 |     3 ||    11
       Lesser Servant of |       |       |     2 |       ||     2
       Greater Servant o |       |       |       |     4 ||     4
  Use: Potion            |     1 |     3 |     3 |       ||     7
       Scroll            |       |       |     2 |       ||     2
 Stab: Invisible         |       |     2 |       |       ||     2
  Eat: Chunk             |     8 |       |     7 |     2 ||    17
Armor: Robe              |    24 |    22 |    21 |     2 ||    69
Dodge: Dodged            |    36 |    62 |    83 |     7 ||   188
